 Dungeon Crawl Stone Soup version 0.22.1-1-ga44c0e5 (webtiles) character file.

14521 Zebedee the Grappler (level 12, -6/69 HPs)
             Began as a Vine Stalker Transmuter on Oct 7, 2018.
             Was a High Priest of Makhleb.
             Mangled by a large slime creature (24 damage)
             ... on level 13 of the Dungeon.
             The game lasted 00:59:02 (13418 turns).

Zebedee the Grappler (Vine Stalker Transmuter)     Turns: 13418, Time: 00:59:03

Health: -6/69      AC:  6    Str: 17    XL:     12   Next: 17%
Magic:  0/32       EV: 10    Int: 13    God:    Makhleb [*****.]
Gold:   947        SH:  4    Dex: 16    Spells: 8/25 levels left

rFire    x . .     SeeInvis .     - Unarmed
rCold    + + +     Gourm    .   (shield currently unavailable)
rNeg     . . .     Faith    .   (armour currently unavailable)
rPois    +         Spirit   +   (helmet currently unavailable)
rElec    .         Reflect  +   (cloak currently unavailable)
rCorr    .         Harm     .   (gloves currently unavailable)
MR       +....                  (boots currently unavailable)
Stlth    +.........             O - +4 amulet of reflection
HPRegen  1.01/turn              Q - ring of wizardry
MPRegen  0.23/turn              E - ring of magical power

@: ice-form
A: large, regeneration 2, screaming 1, magic shield, no potion heal 3, rot
immunity
a: End Transformation, Minor Destruction, Lesser Servant of Makhleb, Major
Destruction, Greater Servant of Makhleb, Renounce Religion


You were on level 13 of the Dungeon.
You worshipped Makhleb.
Makhleb was extremely pleased with you.
You were hungry.
You were a creature of crystalline ice.
You visited 1 branch of the dungeon, and saw 13 of its levels.

You collected 947 gold pieces.

Inventory:

Hand Weapons
 p - a +0 trident of venom
 V - a +0 whip
Missiles
 a - 350 arrows
 q - 30 poisoned needles
 L - 8 tomahawks (quivered)
 T - 3 throwing nets
Armour
 b - a +0 robe
 o - a +0 helmet
 r - a +0 leather armour
 y - a +0 pair of boots (melded)
 K - a +0 ring mail
 S - the +9 scale mail of the Hippo (melded) {rPois rF+ rN+}
   (You found it on level 9 of the Dungeon)

   It protects you from fire.
   It protects you from poison.
   It protects you from negative energy.
 W - the +2 leather armour "Zalug" {rPois Str-5 Int+4 Slay+2}
   (You found it on level 11 of the Dungeon)

   It affects your strength (-5).
   It affects your intelligence (+4).
   It affects your accuracy and damage with ranged weapons and melee attacks
   (+2).
   It protects you from poison.
 X - +0 acid dragon scales
Jewellery
 n - an uncursed ring of stealth
 C - a +3 ring of dexterity
 E - a ring of magical power (right front paw)
 G - an uncursed amulet of magic regeneration
 O - a +4 amulet of reflection (around neck)
 Q - a ring of wizardry (left front paw)
 R - an uncursed ring of see invisible
Wands
 A - a wand of acid (22)
 I - a wand of digging (8)
 J - a wand of iceblast (18)
Scrolls
 c - 3 scrolls of remove curse
 f - 4 scrolls of amnesia {unknown}
 g - 5 scrolls of blinking
 l - 4 scrolls of magic mapping
 s - 4 scrolls of teleportation
 t - a scroll of fog {unknown}
 v - 2 scrolls of noise
 B - 2 scrolls of immolation {unknown}
 D - a scroll of fear {unknown}
 F - a scroll of vulnerability {unknown}
 H - a scroll of random uselessness {unknown}
 N - a scroll of torment {unknown}
Potions
 e - 4 potions of brilliance
 h - 5 potions of flight
 i - 9 potions of curing
 j - a potion of invisibility {unknown}
 k - 2 potions of berserk rage {unknown}
 m - 6 potions of might
 u - 2 potions of lignification {unknown}
 w - 2 potions of heal wounds {unknown}
 x - 2 potions of degeneration {unknown}
 z - a potion of haste {unknown}
 M - 3 potions of magic {unknown}
 P - a potion of agility {unknown}
Comestibles
 d - 15 rations


   Skills:
 - Level 4.2 Fighting
 - Level 0.9 Maces & Flails
 - Level 2.2 Polearms
 + Level 7.1 Armour
 - Level 2.0 Dodging
 - Level 11.1 Unarmed Combat
 * Level 7.1 Spellcasting
 * Level 7.1 Transmutations
 - Level 5.2 Ice Magic
 - Level 2.4 Earth Magic
 - Level 4.0 Poison Magic
 - Level 3.2 Invocations


You had 8 spell levels left.
You knew the following spells:

 Your Spells              Type           Power        Failure   Level  Hunger
a - Beastly Appendage     Tmut           ###...       1%          1    None
b - Sticks to Snakes      Tmut           ###.....     1%          2    #......
c - Spider Form           Tmut/Pois      ###.......   1%          3    ##.....
d - Ice Form              Ice/Tmut       ###.....     4%          4    ####...
e - Blade Hands           Tmut           ###.......   9%          5    ######.
f - Passwall              Tmut/Erth      ###.....     1%          2    #......

Your spell library contained the following spells:

 Spells                   Type           Power        Failure   Level  Hunger
 Sandblast                Erth           ##....       2%          1    None
 Petrify                  Tmut/Erth      ###.....     9%          4    ####...
 Stone Arrow              Conj/Erth      #.....       11%         3    ##.....
 Lee's Rapid Deconstruct  Erth           ##........   50%         5    ######.


Dungeon Overview and Level Annotations

Branches:
Dungeon (13/15)            Temple (0/1) D:5            Lair (0/6) D:8
    Orc (0/2) D:12
 Vaults: D:13-14

Altars:
Dithmenos
Kikubaaqudgha
Makhleb
Nemelex Xobeh
Okawaru
Trog
Uskayaw
Yredelemnul
Zin
The Shining One
Beogh

Shops:
D:9 :(   D:11 *   D:12 (

Annotations:
D:8 3 runed doors, Xerlanti's ghost, novice SpEn


Innate Abilities, Weirdness & Mutations

((You have razor-sharp teeth.))
You heal very quickly.
When hurt, damage is shared between your health and your magic reserves.
((Your bite disrupts and absorbs the magic of your enemies.))
Potions cannot restore your health.
You are immune to rotting.
You occasionally shout uncontrollably at your foes.
((Your movements are slightly less encumbered by armour. (ER -2)))


Message History

Two slime creatures merge to form a large slime creature.
You pummel the very large slime creature!!
You freeze the very large slime creature!
The very large slime creature is heavily wounded.
The very large slime creature hits you!!
You pummel the very large slime creature!!
You freeze the very large slime creature!
The very large slime creature is severely wounded.
You block the very large slime creature's attack.
You punch the very large slime creature!
You freeze the very large slime creature.
The very large slime creature is severely wounded.
The large slime creature hits you!!!
* * * LOW HITPOINT WARNING * * *
You hit the very large slime creature.
You freeze the very large slime creature.
The very large slime creature is almost dead.
The very large slime creature barely misses you.
The large slime creature hits you!!
You die...

#...............
###.###.....## #.#
##...## ## #.#
#.#.# ##. ## #.#
#.#.#####.. .. #.#
..#....+...♣. #.#
##.#.#### ....
#.#.####.#### ..#
#.#..YJ.....####J#
.####J..#.....#'#
#........#.###.#.#
#####............#
#.#.#).##.#.##
.........#.#.#
..###........#.# #
.........#.#.#
.###.......#.#


You could see a very large slime creature and a large slime creature.

Vanquished Creatures
  2 two-headed ogres
  Nergalle (D:10)
  A cyclops (D:11)
  A manticore (D:11)
  A gargoyle (D:12)
  3 trolls
  A queen bee (D:12)
  Grinder (D:3)
  2 hippogriffs
  A shadow (D:12)
  9 yaks
  A hungry ghost (D:13)
  An acid dragon (D:12)
  3 water moccasins
  2 porcupines (D:8)
  13 orc warriors
  3 sky beasts
  A black bear (D:8)
  6 ogres
  An eye of draining (D:9)
  An ice beast (D:12)
  7 centaurs
  A crocodile (D:8)
  2 big kobolds
  4 bullfrogs
  A water moccasin skeleton (D:8)
  6 scorpions
  18 killer bees
  A wight (D:10)
  6 howler monkeys
  7 crimson imps
  A bullfrog zombie (D:6)
  2 centaur zombies
  A quasit (D:12)
  4 orc priests
  2 hounds
  6 centaur skeletons
  4 iguanas
  A jelly (D:7)
  Jessica (D:2)
  A gnoll shaman (D:9)
  6 orc wizards
  9 worker ants
  3 hound zombies
  A hound skeleton (D:10)
  Robin (D:2)
  3 worker ant zombies
  7 gnolls
  A howler monkey skeleton (D:4)
  9 adders
  2 oozes
  3 adder skeletons
  An adder zombie (D:8)
  4 worms
  2 dart slugs (D:1)
  4 leopard geckos
  40 orcs
  3 giant cockroaches
  16 goblins
  15 hobgoblins
  21 jackals
  13 kobolds
  2 quokkas
  9 bats
  3 frilled lizards
  A quokka skeleton (D:8)
  A quokka zombie (D:5)
  16 rats
327 creatures vanquished.

Vanquished Creatures (collateral kills)
  A two-headed ogre (D:12)
  An orc warrior (D:12)
  A bullfrog (D:7)
  6 killer bees (D:12)
  4 wights (D:10)
  An orc priest (D:7)
  3 orc wizards
  7 orcs
  A kobold (D:1)
25 creatures vanquished.

Grand Total: 352 creatures vanquished

Notes
Turn   | Place    | Note
-------+----------+-------------------------------------------
     0 | D:1      | Zebedee the Vine Stalker Transmuter began the quest for the
                  | Orb.
     0 | D:1      | Reached XP level 1. HP: 9/9 MP: 4/4
   429 | D:1      | Reached XP level 2. HP: 7/14 MP: 3/6
   445 | D:1      | Learned a level 2 spell: Sticks to Snakes
  1205 | D:1      | Reached XP level 3. HP: 16/17 MP: 5/7
  1403 | D:1      | Learned a level 3 spell: Spider Form
  1998 | D:2      | Reached skill level 4 in Unarmed Combat
  1998 | D:2      | Gained mutation: Your natural rate of healing is unusually
                  | fast. [Vine Stalker growth]
  1998 | D:2      | Reached XP level 4. HP: 14/21 MP: 6/9
  2627 | D:2      | Noticed Jessica
  2652 | D:2      | Killed Jessica
  2652 | D:2      | Reached skill level 1 in Fighting
  2652 | D:2      | Reached skill level 1 in Poison Magic
  2849 | D:2      | Reached XP level 5. HP: 25/25 MP: 8/10
  3089 | D:3      | Noticed Robin
  3193 | D:2      | Killed Robin
  3254 | D:3      | Noticed Grinder
  3415 | D:3      | Killed Grinder
  3415 | D:3      | Reached skill level 5 in Unarmed Combat
  3415 | D:3      | Reached XP level 6. HP: 9/30 MP: 6/12
  3659 | D:3      | Reached XP level 7. HP: 19/33 MP: 13/13
  3707 | D:3      | Found a shadowy altar of Dithmenos.
  3803 | D:3      | Found a burning altar of Makhleb.
  3803 | D:3      | Noticed a cacodemon
  3811 | D:3      | Noticed a hellwing
  3811 | D:3      | Noticed an orange demon
  3813 | D:3      | Became a worshipper of Makhleb the Destroyer
  3977 | D:4      | Found an iron altar of Okawaru.
  4488 | D:4      | Learned a level 4 spell: Ice Form
  4876 | D:4      | Found an ancient bone altar of Kikubaaqudgha.
  4994 | D:5      | Entered Level 5 of the Dungeon
  5143 | D:5      | Reached skill level 1 in Armour
  5262 | D:5      | Reached skill level 6 in Unarmed Combat
  5266 | D:5      | Found a staircase to the Ecumenical Temple.
  5354 | D:5      | Gained mutation: You have razor-sharp teeth. [Vine Stalker
                  | growth]
  5354 | D:5      | Reached XP level 8. HP: 38/38 MP: 15/15
  5447 | D:5      | Noticed a moth of wrath
  5449 | D:5      | Found a bloodstained altar of Trog.
  5460 | D:5      | Reached * piety under Makhleb
  6211 | D:6      | Found a sparkling altar of Nemelex Xobeh.
  6327 | D:6      | Found a basalt altar of Yredelemnul.
  6342 | D:6      | Reached skill level 7 in Unarmed Combat
  6448 | D:5      | Reached skill level 1 in Ice Magic
  6606 | D:6      | Reached XP level 9. HP: 34/42 MP: 16/16
  7034 | D:7      | Reached ** piety under Makhleb
  7034 | D:7      | Reached skill level 8 in Unarmed Combat
  7318 | D:7      | Reached skill level 5 in Spellcasting
  7550 | D:7      | Reached skill level 5 in Transmutations
  7592 | D:7      | Noticed a dagger
  7592 | D:7      | Noticed a hand axe
  7593 | D:7      | Found a hide-covered altar of Uskayaw.
  7853 | D:7      | Found a glowing silver altar of Zin.
  8222 | D:8      | Reached XP level 10. HP: 46/47 MP: 19/19
  8307 | D:8      | Found a staircase to the Lair.
  8410 | D:8      | Reached *** piety under Makhleb
  8518 | D:8      | Found a runed gate.
  8518 | D:8      | Found a runed gate.
  8518 | D:8      | Found a runed gate.
  8518 | D:8      | Noticed Xerlanti's ghost (novice SpEn)
  8617 | D:8      | Reached skill level 9 in Unarmed Combat
  9275 | D:9      | Found Tun Sumn's Antique Weapon Shoppe.
  9276 | D:9      | Found a glowing golden altar of the Shining One.
  9348 | D:9      | Noticed a two-headed ogre
  9357 | D:9      | Killed a two-headed ogre
  9357 | D:9      | Reached skill level 1 in Invocations
  9846 | D:9      | Got a slimy scale mail
  9983 | D:9      | Found Leuss's Book Shoppe.
 10147 | D:9      | Identified the +9 scale mail of the Hippo {rPois rF+ rN+}
                  | (You found it on level 9 of the Dungeon)
 10208 | D:10     | Entered Level 10 of the Dungeon
 10290 | D:10     | Reached skill level 10 in Unarmed Combat
 10351 | D:10     | Reached XP level 11. HP: 52/52 MP: 18/21
 10369 | D:10     | Noticed Nergalle
 10381 | D:10     | Killed Nergalle
 10381 | D:10     | Reached **** piety under Makhleb
 10656 | D:10     | Learned a level 5 spell: Blade Hands
 10688 | D:10     | Reached skill level 5 in Ice Magic
 10800 | D:10     | Noticed a two-headed ogre
 10804 | D:10     | Killed a two-headed ogre
 11195 | D:11     | Noticed a manticore
 11206 | D:11     | Killed a manticore
 11206 | D:11     | Reached skill level 5 in Armour
 11341 | D:11     | Learned a level 2 spell: Passwall
 11510 | D:11     | Noticed a cyclops
 11537 | D:11     | Killed a cyclops
 11537 | D:11     | Reached skill level 11 in Unarmed Combat
 11643 | D:11     | Found Efeecuply's General Store.
 11931 | D:11     | Got a diamond-encrusted leather armour
 11947 | D:11     | Identified the +2 leather armour "Zalug" {rPois Str-5 Int+4
                  | Slay+2} (You found it on level 11 of the Dungeon)
 11957 | D:11     | Gained mutation: You have a somewhat thin skeletal
                  | structure. (Dex +2, Stealth) [potion of mutation]
 11957 | D:11     | Gained mutation: You are somewhat resistant to further
                  | mutation. [potion of mutation]
 11958 | D:11     | Lost mutation: You have a somewhat thin skeletal structure.
                  | (Dex +2, Stealth) [potion of mutation]
 11958 | D:11     | Lost mutation: You are somewhat resistant to further
                  | mutation. [potion of mutation]
 11958 | D:11     | Gained mutation: You possess an exceptional clarity of
                  | mind. [potion of mutation]
 11958 | D:11     | Gained mutation: Your body sometimes deteriorates upon
                  | taking damage. [potion of mutation]
 11958 | D:11     | Gained mutation: Your spells are a little harder to cast,
                  | but a little more powerful. [potion of mutation]
 11959 | D:11     | Lost mutation: You possess an exceptional clarity of mind.
                  | [potion of mutation]
 11959 | D:11     | Lost mutation: Your spells are a little harder to cast, but
                  | a little more powerful. [potion of mutation]
 11959 | D:11     | Gained mutation: You occasionally shout uncontrollably at
                  | your foes. [potion of mutation]
 11959 | D:11     | Gained mutation: Your body often deteriorates upon taking
                  | damage. [potion of mutation]
 11959 | D:11     | Gained mutation: You have a pair of small horns on your
                  | head. [potion of mutation]
 11960 | D:11     | Lost mutation: Your body often deteriorates upon taking
                  | damage. [potion of mutation]
 11960 | D:11     | Lost mutation: You have a pair of small horns on your head.
                  | [potion of mutation]
 11960 | D:11     | Lost mutation: Your body sometimes deteriorates upon taking
                  | damage. [potion of mutation]
 11960 | D:11     | Gained mutation: You sometimes yell uncontrollably at your
                  | foes. [potion of mutation]
 11960 | D:11     | Lost mutation: You sometimes yell uncontrollably at your
                  | foes. [potion of mutation]
 11960 | D:11     | Gained mutation: Your movements are slightly less
                  | encumbered by armour. (ER -2) [potion of mutation]
 12417 | D:11     | Found a roughly hewn altar of Beogh.
 12422 | D:11     | Reached ***** piety under Makhleb
 12763 | D:12     | Found a staircase to the Orcish Mines.
 12841 | D:12     | Found Ammeggev's Weapon Boutique.
 12982 | D:12     | Noticed a two-headed ogre
 13000 | D:12     | Gained mutation: You heal very quickly. [Vine Stalker
                  | growth]
 13000 | D:12     | Reached XP level 12. HP: 25/58 MP: 10/23
 13026 | D:12     | Killed a two-headed ogre
 13026 | D:12     | Reached skill level 1 in Polearms
 13026 | D:12     | Reached skill level 1 in Earth Magic
 13418 | D:13     | Mangled by a large slime creature

Skill      XL: |  1  2  3  4  5  6  7  8  9 10 11 12 |
---------------+-------------------------------------+-----
Unarmed Combat | 4 5 6 7 8 10 11 | 11.1
Fighting       | 1 2 3 4 |  4.2
Spellcasting   | 3 4 5 6 7 |  7.1
Poison Magic   | 1 2 3 4 |  4.0
Transmutations | 3 4 5 6 7 |  7.1
Armour         | 1 3 4 7 |  7.1
Ice Magic      | 1 3 4 5 |  5.2
Dodging        | 2 |  2.0
Invocations    | 2 3 |  3.2
Polearms       | 2 |  2.2
Earth Magic    | 2 |  2.4
Maces & Flails | |  0.9

Action                   |  1- 3 |  4- 6 |  7- 9 | 10-12 || total
-------------------------+-------+-------+-------+-------++-------
Melee: Unarmed           |    98 |   117 |   419 |   568 ||  1202
       Kick              |    15 |    28 |     7 |       ||    50
       Headbutt          |     9 |       |       |       ||     9
       Bite              |    17 |    35 |   139 |    94 ||   285
       Punch             |     1 |     5 |    21 |    10 ||    37
Throw: Tomahawk          |       |       |       |     2 ||     2
 Cast: Beastly Appendage |    23 |    27 |     7 |       ||    57
       Sticks to Snakes  |     2 |       |    15 |       ||    17
       Ice Form          |       |       |       |    23 ||    23
       Spider Form       |       |       |       |     2 ||     2
Invok: Lesser Servant of |       |       |       |     2 ||     2
Evoke: Wand              |       |       |     1 |       ||     1
  Use: Scroll            |       |       |       |    12 ||    12
       Potion            |       |       |       |     4 ||     4
 Stab: Sleeping          |     2 |     1 |       |       ||     3
       Distracted        |       |       |     5 |       ||     5
  Eat: Chunk             |     4 |     6 |    12 |    18 ||    40
       Ration            |       |       |     1 |     1 ||     2
Armor: Robe              |    11 |    18 |       |       ||    29
       Leather armour    |       |     6 |    99 |       ||   105
       Ring mail         |       |       |    23 |    36 ||    59
       Skin              |       |       |       |    40 ||    40
       Scale mail        |       |       |       |    78 ||    78
Dodge: Dodged            |    54 |    77 |   239 |   213 ||   583
Block: Other             |       |       |       |    75 ||    75
       Reflection        |       |       |       |     2 ||     2
